 Dungeon Crawl Stone Soup version 0.32-a0-841-g4648e6c457 (webtiles) character file.

Game seed: 15991277714728558695

4897 Maxmaps the Cleaver (level 10, -10/63 HPs)
             Began as an Octopode Shapeshifter on Mar 26, 2024.
             Was an Initiate of Gozag.
             Mangled by a wight
             ... wielding a +2 morningstar of freezing
              (14 damage)
             ... on level 9 of the Dungeon.
             The game lasted 00:09:46 (8304 turns).

Maxmaps the Cleaver (Octopode Shapeshifter)         Turns: 8304, Time: 00:09:48

Health: -10/63     AC:  1    Str:  9    XL:     10   Next: 51%
Magic:  10/10      EV: 11    Int: 16    God:    Gozag
Gold:   1080       SH:  4    Dex: 14    Spells: 9/9 levels left

rFire   . . .        s - +7 hand axe "Ykyphos" {elec, rN+ Str-5 Dex+2 SInv}
rCold   . . .        o - +0 buckler
rNeg    + . .        (helmet currently unavailable)
rPois   .            A - amulet of regeneration
rElec   .            m - ring of willpower
rCorr   .            (no ring)
SInv    +            (no ring)
Will    +....        (no ring)
Stlth   ++           (no ring)
HPRegen 1.10/turn    (no ring)
MPRegen 0.12/turn    (no ring)
                     (no ring)

%: no passive effects
@: beast-form, gold aura
A: beast (slay +1), almost no armour, amphibious, 8 rings, camouflage 1,
gelatinous body 1, (nimble swimmer 1), tentacles
a: Begin Untransformation, Renounce Religion, Potion Petition, Call Merchant,
Bribe Branch


You were on level 9 of the Dungeon.
You worshipped Gozag.
Gozag was most pleased with you.
You were a hulking beast.
You visited 2 branches of the dungeon, and saw 10 of its levels.

You collected 1151 gold pieces.
You paid 71 gold pieces to Gozag.

Inventory:

Hand Weapons
 h - a +2 whip of electrocution
 s - the +7 hand axe "Ykyphos" (weapon) {elec, rN+ Str-5 Dex+2 SInv}
   (You found it on level 3 of the Dungeon)

   Str-5:     It affects your strength (-5).
   Dex+2:     It affects your dexterity (+2).
   rN+:       It protects you from negative energy.
   SInv:      It lets you see invisible.
Armour
 o - a +0 buckler (worn)
Magical Staves
 r - a staff of conjuration
Jewellery
 d - an amulet of magic regeneration
 m - a ring of willpower (left tentacle)
 v - an amulet of guardian spirit
 w - an amulet of faith
 A - an amulet of regeneration (around mantle)
Talismans
 b - a beast talisman (active)
 c - a flux talisman
Wands
 q - a wand of flame (18)
 B - a wand of acid (5)
Scrolls
 e - 4 scrolls of identify
 i - a scroll of blinking
 k - a scroll of noise
 x - 2 scrolls of revelation
Potions
 a - 2 potions of lignification
 f - 2 potions of curing
 g - 3 potions of enlightenment
 j - 2 potions of ambrosia
 l - 4 potions of degeneration
 n - a potion of might
 u - a potion of brilliance
 z - 3 potions of mutation


   Skills:
 - Level 3.2 Fighting
 + Level 14.0(14.2) Axes
 - Level 4.0(9.9) Maces & Flails
 - Level 2.0 Dodging
 - Level 3.0 Unarmed Combat
 - Level 3.0 Shapeshifting


You had 9 spell levels left.
You didn't know any spells.
Your spell library contained the following spells:

 Spells                   Type           Power      Damage    Failure   Level
 Apportation              Tloc           0%         N/A       36%         1
 Magic Dart               Conj           0%         1d3       36%         1
 Necrotise                Necr           0%         1d4       36%         1
 Sting                    Conj/Alch      0%         1d3       36%         1
 Summon Small Mammal      Summ           0%         N/A       36%         1
 Blink                    Tloc           0%         N/A       52%         2
 Call Imp                 Summ           0%         N/A       52%         2
 Ensorcelled Hibernation  Hex/Ice        0%         N/A       52%         2
 Fugue of the Fallen      Necr           0%         N/A       75%         3
 Passwall                 Erth           0%         N/A       75%         3
 Summon Ice Beast         Ice/Summ       0%         N/A       75%         3
 Volatile Blastmotes      Fire/Tloc      0%         2d10      75%         3
 Anguish                  Hex/Necr       0%         N/A       98%         4
 Summon Mana Viper        Hex/Summ       0%         N/A       100%        5
 Bombard                  Conj/Erth      0%         9d1       100%        6
 Monstrous Menagerie      Summ           0%         N/A       100%        7


Dungeon Overview and Level Annotations

Branches:
Dungeon (9/15)             Temple (1/1) D:5
   Lair: D:8-11         Orc: D:9-12

Altars:
Ashenzari
Cheibriados
Dithmenos
Elyvilon
Fedhas
Gozag
Kikubaaqudgha
Makhleb
Nemelex Xobeh
Okawaru
Qazlal
Ru
Sif Muna
Trog
Uskayaw
Vehumet
Wu Jian
Xom
Yredelemnul
Zin
The Shining One
Lugonu

Shops:
D:7 :   D:9 **

Annotations:
D:7 1 runed translucent door, audacious124's ghost, novice MDFi


Innate Abilities, Weirdness & Mutations

You are a hulking beast.
Your limbs bulge with bestial killing power. (Slay +1)
You cannot wear most types of armour.
You are amphibious.
You can wear up to eight rings at the same time.
Your skin changes colour to match your surroundings (Stealth+).
Your rubbery body absorbs attacks. (AC +1, EV +1)
((You are camouflaged when in or above water. (Stealth+)))
You have tentacles for arms and can constrict up to eight enemies at once.


Message History

A wight comes into view.
It is wielding a +0 halberd. 2 wights come into view.
A wight is wielding a +2 morningstar of freezing.
The wight completely misses you.
You hit the wight but do no damage. Your grab misses the wight.
You squeeze the wight.
The wight is moderately damaged.
The wight hits you with a +0 halberd!
You hit the wight. Your grab misses the wight.
The wight is severely damaged.
You slash the wight!
You destroy the wight!
The wight hits you with a +0 battleaxe!
You barely miss the wight. You grab the wight. You squeeze the wight.
The wight is moderately damaged.
You constrict the wight.
The wight hits you with a +0 battleaxe!!
You slash the wight! Lightning courses through the wight!
You destroy the wight!
Your Axes skill increases to level 14!
The wight hits you with a +2 morningstar of freezing!
The wight freezes you.
A wight is nearby!
A wight is nearby!
You are too injured to fight recklessly!
You are too injured to fight recklessly!
You are too injured to fight recklessly!
You are too injured to fight recklessly!
You closely miss the wight. You grab the wight. You constrict the wight.
The wight hits you with a +2 morningstar of freezing!
* * * LOW HITPOINT WARNING * * *
The wight freezes you.
* * * LOW HITPOINT WARNING * * *
You hit the wight but do no damage.
You squeeze the wight, but do no damage.
The wight is moderately damaged.
You constrict the wight.
The wight hits you with a +2 morningstar of freezing!
You die...
Your body crumbles into a pile of gold.

♣ #.# #.# #.# #. #.# #.#
#.# # #.# #.# #.#
####.#####.#####.#######
.......................
###[#########........#
#.# #........# #.#
#..z.....# #.#
#...h$...# #..
#........# #..
#...$....# #..
#........# #..#
#........# #........# #
# #........######.#####
......................
##..##.#######.#####.##


You could see a wight.

Vanquished Creatures
  A deep elf pyromancer (D:7)
  Joseph (D:9)
  Eustachio (D:6)
  A steam dragon (D:7)
  Edmund (D:5)
  Duvessa (D:6)
  An orc warrior (D:8)
  3 ice beasts
  A sky beast (D:7)
  3 black bears
  2 ogres
  5 centaurs
  2 kobold brigands
  4 bullfrogs
  A gnoll sergeant (D:7)
  3 scorpions
  8 wights
  Dowan (D:6)
  11 killer bees
  A bombardier beetle (D:4)
  4 hounds
  A jelly (D:6)
  A gnoll bouda (D:6)
  An orc priest (D:2)
  6 iguanas
  A sleepcap (D:8)
  Ijyb (D:5)
  Terence (D:2)
  3 orc wizards
  9 gnolls
  11 adders
  2 shadow imps
  A white imp (D:7)
  4 ufetubi
  A dart slug (D:1)
  12 orcs
  6 ball pythons
  9 endoplasms
  11 hobgoblins
  12 jackals
  2 quokkas (D:1)
  6 bats
  3 frilled lizards
  4 goblins
  10 kobolds
  3 rats
177 creatures vanquished.

Notes
Turn   | Place    | Note
-------+----------+-------------------------------------------
     0 | D:1      | Maxmaps the Octopode Shapeshifter began the quest for the
                  | Orb.
     0 | D:1      | Reached XP level 1. HP: 13/13 MP: 1/1
    84 | D:1      | Reached XP level 2. HP: 12/19 MP: 2/2
   300 | D:1      | Reached XP level 3. HP: 25/25 MP: 3/3
   332 | D:1      | Found a faded altar of an unknown god.
   794 | D:2      | Reached skill level 1 in Maces & Flails
   955 | D:2      | Reached XP level 4. HP: 26/31 MP: 4/4
  1003 | D:2      | Noticed Terence
  1008 | D:2      | Killed Terence
  1063 | D:2      | Identified the +0 robe of the Armoured One {rElec}
  1122 | D:2      | Reached XP level 5. HP: 25/36 MP: 5/5
  1578 | D:3      | Found a burning altar of Makhleb.
  1578 | D:3      | Noticed a green death
  1676 | D:3      | Found an ancient bone altar of Kikubaaqudgha.
  1692 | D:3      | Identified the +7 hand axe "Ykyphos" {elec, rN+ Str-5 Dex+2
                  | SInv}
  1738 | D:3      | Found a shimmering blue altar of Sif Muna.
  1740 | D:3      | Found a radiant altar of Vehumet.
  1910 | D:3      | Found a hide-covered altar of Uskayaw.
  1980 | D:4      | Reached skill level 1 in Axes
  1984 | D:4      | Noticed an ogre
  1992 | D:4      | Reached XP level 6. HP: 42/42 MP: 6/6
  1995 | D:4      | Reached skill level 3 in Axes
  2305 | D:4      | Reached skill level 4 in Axes
  2370 | D:4      | Reached XP level 7. HP: 46/46 MP: 7/7
  2548 | D:5      | Entered Level 5 of the Dungeon
  2576 | D:5      | Noticed Ijyb
  2584 | D:5      | Killed Ijyb
  2585 | D:5      | Reached skill level 5 in Axes
  2666 | D:5      | Found a sparkling altar of Nemelex Xobeh.
  2689 | D:5      | Found an opulent altar of Gozag.
  2714 | D:5      | Became a worshipper of Gozag Ym Sagoz the Greedy
  2878 | D:5      | Reached skill level 6 in Axes
  2996 | D:5      | Reached XP level 8. HP: 52/52 MP: 8/8
  3275 | D:5      | Reached skill level 7 in Axes
  3284 | D:5      | Noticed Edmund
  3294 | D:5      | Killed Edmund
  3377 | D:5      | Found a staircase to the Ecumenical Temple.
  3463 | Temple   | Entered the Ecumenical Temple
  3504 | D:6      | Noticed Eustachio
  3515 | D:6      | Killed Eustachio
  3516 | D:6      | Reached skill level 8 in Axes
  3678 | D:6      | Reached skill level 9 in Axes
  3813 | D:6      | Found an ornate altar of the Wu Jian Council.
  4050 | D:6      | Reached XP level 9. HP: 41/57 MP: 5/9
  4247 | D:6      | Noticed Duvessa
  4248 | D:6      | Noticed Dowan
  4252 | D:6      | Killed Duvessa
  4253 | D:6      | Reached skill level 10 in Axes
  4260 | D:6      | Killed Dowan
  4904 | D:7      | Found Heteomov's Tremendous Tomes.
  5079 | D:7      | Found a blossoming altar of Fedhas.
  5220 | D:7      | Reached skill level 11 in Axes
  5376 | D:7      | Found a flagged portal.
  5851 | D:7      | Found a runed translucent door.
  5852 | D:7      | Found a shimmering altar of Xom.
  5852 | D:7      | Noticed audacious124's ghost (novice MDFi)
  5855 | D:7      | Noticed a +0 scimitar of chaos
  6081 | D:7      | Reached skill level 12 in Axes
  6594 | D:8      | Noticed a deep elf pyromancer
  6602 | D:7      | Reached XP level 10. HP: 10/63 MP: 1/10
  6898 | D:7      | Killed a deep elf pyromancer
  6899 | D:7      | Reached skill level 13 in Axes
  7128 | D:8      | Found a broken altar of Ashenzari.
  7453 | D:8      | Found a snail-covered altar of Cheibriados.
  8079 | D:9      | Found Balux's Specific Store.
  8082 | D:9      | Found Cylosm's General Store.
  8107 | D:9      | Found a sacrificial altar of Ru.
  8126 | D:9      | Noticed Joseph
  8138 | D:9      | Killed Joseph
  8250 | D:9      | Found a stormy altar of Qazlal.
  8302 | D:9      | Reached skill level 14 in Axes
  8303 | D:9      | HP: 3/63 [wight/+2 morningstar of freezing (5)]
  8304 | D:9      | Mangled by a wight

Illustrated notes

Levels and vault maps discovered:
D:1:      evilmike_arrival_hilbert_curve, layout_rooms,
          chequers_ecumenical_altar_simple, grunt_decor_arrowhead
D:2:      cheibrodos_pilgrimage, layout_loops_ring, uniq_terence
D:3:      wander_river, layout_rooms, grunt_temple_overflow_magic_moments,
          general_overflow_altar, makhleb_altar_promises_db
D:4:      layout_rooms
D:5:      layout_gridville, nemelex_xobeh_ov_fountains_minmay,
          nicolae_gozag_seed_capital, minmay_temple_entry_ruins, uniq_edmund,
          uniq_ijyb
D:6:      layout_loops_ring, nicolae_overflow_crystal_walls, uniq_eustachio,
          uniq_duvessa
D:7:      layout_loops_corners, mainiacjoe_overflow_alcove_2, enter_bailey_2,
          ebering_ghost_xom, nicolae_shop_i_like_big_books, minmay_holes,
          grunt_decor_cap
D:8:      layout_layer_cave, ashenzari_conservatory_becter,
          mainiacjoe_overflow_alcove_1
D:9:      layout_small_grid, nicolae_ru_awakened_eye, marbit_many_paths,
          nicolae_qazlal_general_emergency, lair_entry_dummy, kennysheep_nub,
          nicolae_specific_store, minmay_bent, uniq_joseph
Temple:   corrupted_temple

Skill      XL: |  1  2  3  4  5  6  7  8  9 10 |
---------------+-------------------------------+-----
Fighting       | 2 3 |  3.2
Maces & Flails | 1 3 4 |  4.0
Axes           | 1 4 6 9 12 14 | 14.0
Dodging        | |  2.0
Unarmed Combat | |  3.0
Shapeshifting  | |  3.0

Action                     |  1- 3 |  4- 6 |  7- 9 | 10-12 || total
---------------------------+-------+-------+-------+-------++-------
  Melee: Unarmed           |    44 |       |       |       ||    44
         Constrict         |    13 |    19 |    33 |    14 ||    79
         Tentacles         |    12 |    16 |    40 |    15 ||    83
         Whip              |    11 |    38 |       |       ||    49
         Hand axe          |       |    36 |   173 |    69 ||   278
    Use: Scroll            |       |       |    18 |     1 ||    19
         Potion            |       |       |     2 |       ||     2
   Stab: Sleeping          |     7 |     7 |     7 |       ||    21
 Armour: Skin              |    19 |    22 |   113 |    32 ||   186
  Dodge: Dodged            |    27 |    30 |    97 |    27 ||   181
  Block: Buckler           |       |       |    18 |    10 ||    28

Table legend: (Time is in decaauts)
 A = Elapsed time spent in this place.
 B = Non-inter-level travel time spent in this place.
 C = Inter-level travel time spent in this place.
 D = Time resting spent in this place.
 E = Time spent auto-exploring this place.
 F = Levels seen in this place.
 G = Mean time per level.
                   A        B        C        D        E       F      G
               +--------+--------+--------+--------+--------+-----+--------+
         Total |   8257 |   7915 |    342 |   1040 |   5660 |  10 |  825.7 |
       Dungeon |   8255 |   7914 |    341 |   1040 |   5660 |   9 |  917.2 |
        Temple |      1 |      1 |      0 |      0 |      0 |   1 |    1.0 |
               +--------+--------+--------+--------+--------+-----+--------+

Top non-repeatable levels by time:
     D:7: 2150 daAuts
     D:6: 1250 daAuts
     D:8: 1089 daAuts
     D:5: 953 daAuts
     D:2: 774 daAuts
     D:1: 658 daAuts
     D:4: 620 daAuts
     D:3: 493 daAuts
     D:9: 267 daAuts
  Temple: 1 daAuts
